 Dungeon Crawl Stone Soup version 0.20.0-15-g7f486f2 (webtiles) character file.

2952 grindst0ne the Arsonist (level 9, 0/62 HPs)
             Began as a Black Draconian Fire Elementalist on June 10, 2017.
             Was a Follower of Vehumet.
             Slain by a killer bee (9 damage)
             ... on level 7 of the Dungeon.
             The game lasted 00:39:38 (10761 turns).

grindst0ne the Arsonist (DrFE)                     Turns: 10761, Time: 00:39:39

Health: 0/62       AC:  5    Str: 14    XL:     9   Next: 52%
Magic:  4/16       EV: 12    Int: 18    God:    Vehumet [*.....]
Gold:   391        SH:  0    Dex: 13    Spells: 4/18 levels left

rFire    . . .     SeeInvis .   v - +6 war axe "Tacugush" {speed, Str+4}
rCold    . . .     Gourm    .   (no shield)
rNeg     . . .     Faith    .   (armour unavailable)
rPois    .         Spirit   .   (helmet restricted)
rElec    +         Reflect  .   (no cloak)
rCorr    .         Harm     .   (no gloves)
MR       .....                  w - +1 pair of boots
Stlth    ++........             (no amulet)
Regen    0.2/turn               d - -4 ring of protection (curse)
MPRegen  0.2/turn               p - ring of wizardry

@: lethally poisoned (0 -> -12), swift, very quick
A: breathe lightning, unfitting armour, electricity resistance, cold-blooded, AC
+7
a: Breathe Lightning, Renounce Religion


You were on level 7 of the Dungeon.
You worshipped Vehumet.
Vehumet was aware of your devotion.
You were near starving.

You visited 2 branches of the dungeon, and saw 8 of its levels.

You collected 391 gold pieces.

Inventory:

Hand Weapons
 c - a +1 whip of flaming
 v - the +6 war axe "Tacugush" (weapon) {speed, Str+4}
   (You found it on level 5 of the Dungeon)

   Attacks with this weapon are significantly faster.
   It affects your strength (+4).
Armour
 w - a +1 pair of boots (worn)
Jewellery
 d - a cursed -4 ring of protection (left hand)
 e - an uncursed ring of see invisible
 p - a ring of wizardry (right hand)
 t - an uncursed ring of stealth {unknown}
 z - an uncursed ring of protection from cold {unknown}
 A - a cursed -4 ring of strength {unknown}
 D - a +3 ring of intelligence {unknown}
Wands
 s - a wand of lightning (7/15)
Scrolls
 i - a scroll of blinking
 j - a scroll of enchant weapon
 r - 2 scrolls of identify
 u - a scroll of amnesia
Potions
 g - a potion of haste
 h - a potion of magic {unknown}
 k - 2 potions of invisibility {unknown}
 l - a potion of cancellation {unknown}
 m - 2 potions of curing {unknown}
 n - 2 potions of lignification {unknown}
 q - a potion of berserk rage {unknown}
 x - 3 potions of mutation {unknown}
 C - 2 potions of might {unknown}
Books
 a - a book of Flames

   Spells                             Type                      Level
   a - Flame Tongue                   Conjuration/Fire             1
   b - Throw Flame                    Conjuration/Fire             2
   c - Conjure Flame                  Conjuration/Fire             3
   d - Inner Flame                    Hexes/Fire                   3
   e - Sticky Flame                   Conjuration/Fire             4
   f - Fireball                       Conjuration/Fire             5
 y - a book of Air

   Spells                             Type                      Level
   a - Shock                          Conjuration/Air              1
   b - Swiftness                      Charms/Air                   2
   c - Static Discharge               Conjuration/Air              3
   d - Airstrike                      Air                          4
   e - Lightning Bolt                 Conjuration/Air              5
Comestibles
 b - a bread ration
 f - 3 fruits
 o - a royal jelly


   Skills:
 - Level 1.7 Dodging
 - Level 1.7 Stealth
 - Level 5.2 Spellcasting
 - Level 1.0 Conjurations
 + Level 10.7 Fire Magic
 + Level 7.5 Air Magic


You had 4 spell levels left.
You knew the following spells:

 Your Spells              Type           Power        Failure   Level  Hunger
a - Flame Tongue          Conj/Fire      ####.        1%          1    None
b - Conjure Flame         Conj/Fire      ####....     1%          3    ##.....
c - Sticky Flame          Conj/Fire      ####....     4%          4    ####...
d - Swiftness             Chrm/Air       ###.....     1%          2    #......
e - Airstrike             Air            ####......   2%          4    ####...


Dungeon Overview and Level Annotations

Branches:
Dungeon (7/15)             Temple (1/1) D:4

Altars:
Ashenzari
Dithmenos
Elyvilon
Fedhas
Gozag
Hepliaklqana
Kikubaaqudgha
Makhleb
Nemelex Xobeh
Okawaru
Qazlal
Ru
Trog
Uskayaw
Vehumet
Xom
Yredelemnul
The Shining One


Innate Abilities, Weirdness & Mutations

You can breathe wild blasts of lightning.
Your glossy black scales are hard. (AC +7)
You cannot fit into any form of body armour.
You are resistant to electric shocks. (rElec)
You are cold-blooded and may be slowed by cold attacks.


Message History

The killer bee poisons you!
You feel sick. The killer bee closely misses you.
You feel sick.
You feel sick.
You feel sick. The killer bee closely misses you. The killer bee stings you.
You are more poisoned.
The killer bee poisons you!
Casting: Swiftness
Confirm with . or Enter, or press ? or * to list all spells.
Aiming: Sticky Flame
Press: ? - help, Shift-Dir - straight line, f - killer bee
Aim: a killer bee The sticky flame hits the killer bee.
The killer bee is lightly wounded.
The killer bee is covered in liquid flames!
You feel sick.
The killer bee burns!
The killer bee stings you!
* * * LOW HITPOINT WARNING * * *
The killer bee stings you!
You die...

#####...#......######..#...(.#
........(...... #........#
.......y..y....######........#
..........y.yy.#.............#
#####...#.####[#.####.##.....#
#...# F. #.####.######## #...#
## #.#....# #...# #.#.##.#
#...##### #@#.##.### #..[y...#
#yy........ ###.####.#
#y.....###.
#...####.####.#.#..#
...............#....#
....#.##.#.##...####.# ....#.
#.#.##...####.# ......
....##........#
##.#.........###


You could see 3 killer bees.

Vanquished Creatures
  The ghost of Haldmier the Gusty, a novice TeAE of Vehumet (D:7)
  The ghost of asdasd2 the Covered, an amateur MiFi of Okawaru (D:3)
  A hippogriff (D:5)
  2 sky beasts
  A black bear (D:6)
  2 phantoms (D:4)
  4 ogres
  2 centaurs
  A big kobold (D:6)
  A bullfrog (D:6)
  2 scorpions
  A killer bee (D:7)
  An electric eel (D:6)
  A howler monkey (D:5)
  2 crimson imps
  3 bullfrog zombies
  7 hounds
  A jelly (D:5)
  An orc priest (D:7)
  2 bullfrog skeletons (D:5)
  A centaur skeleton (D:4)
  3 orc wizards
  An iguana (D:5)
  3 worker ants
  A hound skeleton (D:4)
  A worker ant zombie (D:5)
  Robin (D:3)
  4 gnolls (D:4)
  6 adders
  4 oozes
  3 adder skeletons
  An adder zombie (D:6)
  3 worms (D:2)
  14 dart slugs
  3 leopard geckos
  14 orcs
  14 goblins
  11 hobgoblins
  10 jackals
  3 quokkas
  A ball python (D:2)
  6 bats
  2 frilled lizards
  A jackal skeleton (D:6)
  18 kobolds
  6 rats
172 creatures vanquished.

Vanquished Creatures (others)
  A dart slug (D:6)
1 creature vanquished.

Grand Total: 173 creatures vanquished

Notes
Turn   | Place    | Note
-------+----------+-------------------------------------------
     0 | D:1      | grindst0ne the Draconian Fire Elementalist began the quest for the Orb.
     0 | D:1      | Reached XP level 1. HP: 14/14 MP: 3/3
   692 | D:1      | Reached XP level 2. HP: 20/20 MP: 0/5
  1119 | D:1      | Reached XP level 3. HP: 26/26 MP: 3/6
  1631 | D:2      | Reached skill level 4 in Fire Magic
  1866 | D:2      | Reached XP level 4. HP: 24/33 MP: 0/8
  2856 | D:3      | Reached skill level 5 in Fire Magic
  2856 | D:3      | Reached XP level 5. HP: 32/38 MP: 4/9
  3117 | D:3      | Noticed asdasd2's ghost (amateur MiFi)
  3156 | D:2      | Learned a level 3 spell: Conjure Flame
  3165 | D:3      | HP: 1/38 [asdasd2's ghost (19)]
  3166 | D:3      | Killed asdasd2's ghost
  3166 | D:3      | Reached skill level 7 in Fire Magic
  3166 | D:3      | Reached XP level 6. HP: 2/45 MP: 3/10
  3820 | D:3      | Noticed Robin
  3950 | D:3      | Killed Robin
  4390 | D:4      | Learned a level 4 spell: Sticky Flame
  4403 | D:4      | Your scales start taking on a glossy black colour.
  4403 | D:4      | Reached XP level 7. HP: 49/50 MP: 7/11
  4403 | D:4      | Gained mutation: You are resistant to electric shocks. (rElec) [Black Draconian growth]
  4910 | D:4      | Found a staircase to the Ecumenical Temple.
  4947 | D:4      | Reached skill level 8 in Fire Magic
  5020 | Temple   | Entered the Ecumenical Temple
  5173 | Temple   | Became a worshipper of Vehumet
  5741 | D:4      | Learned a level 2 spell: Swiftness
  5754 | D:4      | Found a glowing golden altar of the Shining One.
  5776 | D:4      | Reached skill level 1 in Air Magic
  5994 | D:4      | Reached skill level 9 in Fire Magic
  6239 | D:4      | Reached XP level 8. HP: 33/57 MP: 5/12
  6566 | D:5      | Entered Level 5 of the Dungeon
  7167 | D:5      | Found a stormy altar of Qazlal.
  8108 | D:5      | Learned a level 4 spell: Airstrike
  8117 | D:5      | Noticed a hippogriff
  8128 | D:5      | Killed a hippogriff
  8128 | D:5      | Reached skill level 5 in Air Magic
  8329 | D:5      | Got a faintly glowing war axe
  8330 | D:5      | Identified the +6 war axe "Tacugush" {speed, Str+4} (You found it on level 5 of the Dungeon)
  8855 | D:6      | Reached skill level 5 in Spellcasting
  8855 | D:6      | Reached XP level 9. HP: 60/62 MP: 16/16
  8868 | D:6      | Reached skill level 10 in Fire Magic
  8935 | D:6      | Found an opulent altar of Gozag.
  9124 | D:6      | Reached * piety under Vehumet
  9124 | D:6      | Offered knowledge of Magic Dart by Vehumet.
 10212 | D:7      | Noticed Haldmier's ghost (novice TeAE)
 10547 | D:7      | Killed Haldmier's ghost
 10761 | D:7      | Slain by a killer bee

Skill      XL: |  1  2  3  4  5  6  7  8  9 |
---------------+----------------------------+-----
Fire Magic     | 4 5 7 9 10 | 10.7
Spellcasting   | 3 5 |  5.2
Air Magic      | 2 5 7 |  7.5
Dodging        | |  1.7
Stealth        | |  1.7
Conjurations   | |  1.0

Action                   |  1- 3 |  4- 6 |  7- 9 || total
-------------------------+-------+-------+-------++-------
Melee: Unarmed           |    75 |    25 |       ||   100
       Tailslap          |     4 |     2 |    21 ||    27
       Whip              |       |       |   233 ||   233
       War axe           |       |       |    11 ||    11
 Cast: Flame Tongue      |    55 |   115 |   130 ||   300
       Conjure Flame     |       |     6 |     9 ||    15
       Sticky Flame      |       |       |    42 ||    42
       Swiftness         |       |       |     8 ||     8
       Airstrike         |       |       |     5 ||     5
 Abil: Breathe Lightning |       |       |     1 ||     1
  Use: Potion            |       |     1 |       ||     1
       Scroll            |       |     5 |     6 ||    11
 Stab: Distracted        |       |       |     1 ||     1
       Sleeping          |       |       |     1 ||     1
  Eat: Chunk             |     3 |     9 |    14 ||    26
       Bread ration      |       |       |     2 ||     2
       Meat ration       |       |       |     1 ||     1
Armor: Skin              |    42 |    18 |   141 ||   201
Dodge: Dodged            |    71 |    37 |   243 ||   351
